 Dungeon Crawl Stone Soup version 0.26-a0-291-g3d11bbfad5 (webtiles) character file.

Game seed: 12286548496489031447

656 ANON1729 the Ducker (level 7, -1/70 HPs)
             Began as a Troll Fighter on July 14, 2020.
             Slain by a wraith (13 damage)
             ... on level 5 of the Dungeon.
             The game lasted 00:04:34 (3696 turns).

ANON1729 the Ducker (Troll Fighter)                 Turns: 3696, Time: 00:04:34

Health: -1/70      AC:  6    Str: 27    XL:     7   Next: 29%
Magic:  6/6        EV:  9    Int:  4    God:
Gold:   157        SH:  9    Dex:  9    Spells: 6/6 levels left

rFire    + . .     SeeInvis .   a - +0 flail
rCold    + + .     Faith    .   c - +0 kite shield
rNeg     + . .     Spirit   .   b - +0 robe
rPois    +         Reflect  .   (helmet restricted)
rElec    +         Harm     .   (no cloak)
rCorr    +                      (gloves unavailable)
MR       .....                  (boots unavailable)
Stlth    +.........             (no amulet)
HPRegen  0.61/turn              g - ring of positive energy
MPRegen  0.10/turn              p - ring of protection from cold

@: resistant, flying, slowed, very slow
A: large, unfitting armour, claws 3, regeneration 1, shaggy fur 1, tough skin 3
a: no special abilities


You were on level 5 of the Dungeon.
You visited 1 branch of the dungeon, and saw 5 of its levels.

You collected 157 gold pieces.

Inventory:

Hand Weapons
 a - a +0 flail (weapon)
Armour
 b - a +0 robe (worn)
 c - a +0 kite shield (worn)
Jewellery
 g - a ring of positive energy (left claw)
 p - a ring of protection from cold (right claw)
 r - an uncursed ring of resist corrosion
 t - an uncursed amulet of guardian spirit {unknown}
 x - an uncursed ring of positive energy
Wands
 s - a wand of iceblast (18)
 u - a wand of paralysis (8)
Scrolls
 f - a scroll of enchant weapon {unknown}
 h - a scroll of remove curse {unknown}
 j - a scroll of random uselessness {unknown}
 k - 3 scrolls of amnesia {unknown}
 l - 2 scrolls of magic mapping {unknown}
 m - 4 scrolls of teleportation {unknown}
 n - 2 scrolls of enchant armour {unknown}
 o - a scroll of immolation {unknown}
 q - 2 scrolls of blinking {unknown}
 w - 2 scrolls of identify {unknown}
Potions
 d - 2 potions of might
 e - a potion of heal wounds {unknown}
 i - a potion of resistance


   Skills:
 + Level 4.1 Fighting
 + Level 4.0 Maces & Flails
 + Level 4.1 Dodging
 + Level 4.1 Shields


You had 6 spell levels left.
You didn't know any spells.
Your spell library was empty.

Dungeon Overview and Level Annotations

Branches:
Dungeon (5/15)
 Temple: D:4-7

Altars:

Shops:
D:4 !


Innate Abilities, Weirdness & Mutations

You are too large for most types of armour.
You have claws for hands.
Your natural rate of healing is unusually fast.
You are covered in fur. (AC +1)
You have extremely tough skin. (AC +3)


Message History

The shadow imp hits you but does no damage.
You feel better.
The centaur hits you but does no damage.
The wraith hits you.
* * * LOW HITPOINT WARNING * * *
The wraith drains your vigour!
You feel yourself slow down. You block the centaur's attack.
The shadow imp hits you.
* * * LOW HITPOINT WARNING * * *
The shadow imp hits you but does no damage.
It was a potion of flight.
You feel very buoyant.
You fly up into the air.
The centaur hits you.
* * * LOW HITPOINT WARNING * * *
You block the wraith's attack. The shadow imp gestures at you.
Pain shoots through your body!
* * * LOW HITPOINT WARNING * * *
The centaur barely misses you. You block the shadow imp's attack.
The wraith hits you!
You die...

#.......# ...
#.......# ...
#.......# ..
#..######
#####+###..##..##
#......#........#
#......#..).....#
#.....c#5.......+
#.55@W..##.###
.......####..#.#
.....## ##....
.... #...# ...
..## .. ..# . .#


You could see a wraith, a centaur, 2 shadow imps and an ufetubus.

Vanquished Creatures
  An ice beast (D:5)
  An ogre (D:4)
  2 scorpions
  A killer bee (D:5)
  A hound (D:5)
  A bullfrog skeleton (D:4)
  Ijyb (D:3)
  2 worker ants (D:4)
  Robin (D:3)
  3 gnolls (D:3)
  5 adders
  An ufetubus (D:5)
  An ooze (D:2)
  2 adder skeletons (D:4)
  2 worms
  9 leopard geckos
  6 giant cockroaches
  15 goblins
  12 hobgoblins
  2 jackals (D:4)
  A quokka (D:2)
  13 bats
  A frilled lizard (D:2)
  A jackal skeleton (D:4)
  13 kobolds
  6 rats
104 creatures vanquished.

Notes
Turn   | Place    | Note
-------+----------+-------------------------------------------
     0 | D:1      | ANON1729 the Troll Fighter began the quest for the Orb.
     0 | D:1      | Reached XP level 1. HP: 22/22 MP: 0/0
    42 | D:1      | Reached XP level 2. HP: 18/29 MP: 1/1
   454 | D:1      | Reached XP level 3. HP: 36/36 MP: 2/2
   968 | D:2      | Reached XP level 4. HP: 19/44 MP: 3/3
  1572 | D:3      | Noticed Robin
  1591 | D:3      | Killed Robin
  1651 | D:3      | Reached XP level 5. HP: 34/53 MP: 4/4
  1833 | D:3      | Noticed Ijyb
  1851 | D:3      | Killed Ijyb
  2028 | D:3      | HP: 2/53 [gnoll/+0 halberd (14)]
  2406 | D:4      | Reached XP level 6. HP: 60/61 MP: 5/5
  2861 | D:4      | Found Lonluc's Distillery.
  3397 | D:5      | Entered Level 5 of the Dungeon
  3514 | D:5      | Noticed an ice beast
  3524 | D:5      | Killed an ice beast
  3524 | D:5      | Reached XP level 7. HP: 54/70 MP: 6/6
  3687 | D:5      | Noticed a wraith
  3692 | D:5      | HP: 3/70 [wraith (7)]
  3693 | D:5      | HP: 1/70 [shadow imp/nerve-wracking pain (1)]
  3696 | D:5      | Slain by a wraith

Illustrated notes

Levels and vault maps discovered:
D:1:      nzn_arrival_water_spiral, layout_basic
D:2:      wander_river, layout_basic
D:3:      layout_loops_cross, serial_bayou_pond_d, uniq_robin, uniq_ijyb
D:4:      layout_gridville, serial_shops, shop
D:5:      layout_gridville, lemuel_crystal_altar, minmay_manual_moon

Skill      XL: |  1  2  3  4  5  6  7 |
---------------+----------------------+-----
Maces & Flails | 2 3 4 |  4.0
Fighting       | 3 4 |  4.1
Dodging        | 3 4 |  4.1
Shields        | 3 4 |  4.1

Action                   |  1- 3 |  4- 6 |  7- 9 || total
-------------------------+-------+-------+-------++-------
Melee: Flail             |   124 |   272 |    24 ||   420
  Use: Potion            |       |       |     4 ||     4
 Stab: Sleeping          |     1 |       |       ||     1
Armor: Robe              |    90 |   136 |    13 ||   239
Dodge: Dodged            |    75 |   131 |    16 ||   222
Block: Kite shield       |    96 |   192 |    27 ||   315

Table legend:
 A = Non-vault XP
 B = Vault XP
 C = Vault XP percentage of total XP
 D = Non-vault monster count
 E = Vault monster count
 F = Vault count percentage of total count
                 A         B        C        D         E       F
            +---------+---------+-------+---------+---------+-------
      Total |     762 |     176 |  18.8 |      89 |      15 |  14.4
            +---------+---------+-------+---------+---------+-------
        D:1 |      43 |       0 |   0.0 |      24 |       0 |   0.0
        D:2 |      97 |       0 |   0.0 |      31 |       0 |   0.0
        D:3 |     140 |      72 |  34.0 |      18 |      13 |  41.9
        D:4 |     325 |       0 |   0.0 |      12 |       0 |   0.0
        D:5 |     157 |     104 |  39.8 |       4 |       2 |  33.3
            +---------+---------+-------+---------+---------+-------
